 Dungeon Crawl Stone Soup version 0.24.0-13-gcf9b3192b9 (webtiles) character file.

Game seed: 18263382428408999480, levelgen mode: deterministic

1577 Aviak the Covert (level 8, 0/54 HPs)
             Began as an Octopode Enchanter on Nov 6, 2019.
             Killed from afar by an orc wizard (8 damage)
             ... with a puff of flame
             ... on level 6 of the Dungeon.
             The game lasted 00:15:30 (7522 turns).

Aviak the Covert (Octopode Enchanter)               Turns: 7522, Time: 00:15:31

Health: 0/54       AC:  1    Str:  7    XL:     8   Next: 91%
Magic:  0/11       EV: 22    Int: 19    God:
Gold:   430        SH:  0    Dex: 18    Spells: 2/11 levels left

rFire    . . .     SeeInvis .   a - +2 dagger
rCold    . . .     Gourm    .   (no shield)
rNeg     . . .     Faith    .   (helmet restricted)
rPois    .         Spirit   .   (no amulet)
rElec    .         Reflect  .   o - ring of flight
rCorr    .         Harm     .   l - ring of wizardry
MR       .....                  (no ring)
Stlth    ++++++....             (no ring)
HPRegen  0.18/turn              (no ring)
MPRegen  0.12/turn              (no ring)
                                (no ring)
                                (no ring)

@: agile
A: almost no armour, stealthy swim, amphibious, 8 rings, constrict 8, camouflage
1, gelatinous body 1
a: Evoke Flight


You were on level 6 of the Dungeon.
You were very hungry.

You visited 2 branches of the dungeon, and saw 8 of its levels.

You collected 430 gold pieces.

Inventory:

Hand Weapons
 a - a +2 dagger (weapon)
 s - a +0 rapier
Jewellery
 f - an uncursed amulet of the gourmand {unknown}
 l - a ring of wizardry (right tentacle)
 o - a ring of flight (left tentacle)
 p - the amulet of Foolhardiness {Harm *Drain MR+ Dex+3}
   (You found it on level 4 of the Dungeon)

   [amulet of harm]

   It increases damage dealt and taken.
   It affects your dexterity (+3).
   It affects your resistance to hostile enchantments.
   It causes draining when unequipped.
Scrolls
 g - a scroll of fear {unknown}
 i - 2 scrolls of identify
 m - 2 scrolls of enchant armour {unknown}
 q - 7 scrolls of enchant weapon
 r - 4 scrolls of remove curse
 t - 2 scrolls of teleportation
Potions
 b - 2 potions of haste {unknown}
 e - a potion of mutation {unknown}
 j - 2 potions of brilliance {unknown}
 n - 2 potions of berserk rage {unknown}
Comestibles
 k - 12 rations


   Skills:
 + Level 4.6 Fighting
 - Level 3.1 Short Blades
 + Level 6.1 Dodging
 + Level 9.2 Stealth
 - Level 2.0 Spellcasting
 - Level 5.0 Hexes


You had 2 spell levels left.
You knew the following spells:

 Your Spells              Type           Power        Failure   Level  Hunger
a - Corona                Hex            ###....      1%          1    #......
b - Ensorcelled Hibernat  Hex/Ice        ##....       3%          2    ###....
c - Confuse               Hex            ###.....     2%          3    ###....
d - Tukima's Dance        Hex            ###.....     2%          3    ###....

Your spell library contained the following spells:

 Spells                   Type           Power        Failure   Level  Hunger
 Sandblast                Erth           #.....       7%          1    #......
 Passwall                 Tmut/Erth      #.......     11%         2    ###....
 Dazzling Spray           Conj/Hex       ##....       8%          3    ###....
 Stone Arrow              Conj/Erth      #.....       21%         3    ###....
 Petrify                  Tmut/Erth      #.......     52%         4    #####..
 Lee's Rapid Deconstruct  Erth           #.........   86%         5    ######.


Dungeon Overview and Level Annotations

Branches:
Dungeon (7/15)             Temple (1/1) D:5

Altars:
Cheibriados
Dithmenos
Elyvilon
Fedhas
Gozag
Kikubaaqudgha
Nemelex Xobeh
Okawaru
Qazlal
Ru
Sif Muna
Trog
Uskayaw
Wu Jian
Xom
Yredelemnul
Zin


Innate Abilities, Weirdness & Mutations

You cannot wear most types of armour.
You are very stealthy in the water. (Stealth+)
You are amphibious.
You can wear up to eight rings at the same time.
You can use your tentacles to constrict eight enemies at once.
Your skin changes colour to match your surroundings (Stealth+).
Your rubbery body absorbs attacks. (AC +1, EV +1)


Message History

You hear some strange, mumbled words.
A magic dart appears from out of thin air!
The magic dart hits you.
* * * LOW HITPOINT WARNING * * *
Unknown command.
Casting: Confuse (safe; 2% risk of failure)
Confirm with . or Enter, or press ? or * to list all spells.
You don't have enough magic to cast that spell.
You hit something.
An orc wizard appears from thin air!
Reactivating autopickup.
Okay, then.
Casting: Confuse (safe; 2% risk of failure)
Confirm with . or Enter, or press ? or * to list all spells.
Aiming: Ensorcelled Hibernation (safe; 3% risk of failure)
Press: ? - help, Shift-Dir - straight line, f - orc wizard
Aim: an orc wizard, wielding a +0 dagger and wearing a cursed +0 robe (lightly wounded, chance to defeat MR: 42%)
The orc wizard resists with some effort.
The orc wizard points at you and mumbles some strange words.
The puff of flame hits you!
You die...

...#.#.....# #.##........#
####.########
#.##........### .....# #...#
#..'........'.# ####.#
#.#.## #.##........#.#
...#.# #.#..#
#.#.......#...# .###.#
#.##.# #.#..<#.#.#.###
.....# #<##.# #(#.###.#.#.#
#########.##.# #.#.....[.#.#
..........##'###@#####)###.#
##########......o.# #......#
#........# ########
#........# #......>.#
#........# #........#
##########


You could see an orc wizard.

Vanquished Creatures
  Menkaure (D:6)
  A sky beast (D:5)
  A phantom (D:6)
  5 ogres
  A scorpion (D:6)
  A howler monkey (D:7)
  A bullfrog zombie (D:6)
  3 crimson imps
  A bullfrog skeleton (D:4)
  4 orc priests
  A jelly (D:2)
  5 orc wizards
  An iguana (D:6)
  4 worker ants
  2 hound skeletons
  A worker ant zombie (D:3)
  7 gnolls
  6 adders
  2 shadow imps (D:5)
  An ooze (D:1)
  An adder skeleton (D:4)
  A dart slug (D:1)
  2 leopard geckos
  11 orcs
  A ball python (D:4)
  A giant cockroach (D:2)
  3 goblins
  8 hobgoblins
  9 jackals
  A quokka (D:3)
  7 bats
  8 frilled lizards
  7 kobolds
  A leopard gecko skeleton (D:6)
  A quokka zombie (D:5)
  7 rats
118 creatures vanquished.

Notes
Turn   | Place    | Note
-------+----------+-------------------------------------------
     0 | D:1      | Aviak the Octopode Enchanter began the quest for the Orb.
     0 | D:1      | Reached XP level 1. HP: 11/11 MP: 3/3
   350 | D:1      | Reached XP level 2. HP: 17/17 MP: 5/5
   354 | D:1      | Learned a level 2 spell: Ensorcelled Hibernation
   767 | D:1      | You fall into a shaft and drop 1 floor!
   820 | D:2      | Reached XP level 3. HP: 13/21 MP: 4/6
   825 | D:2      | Learned a level 3 spell: Confuse
  1793 | D:2      | Reached XP level 4. HP: 27/27 MP: 7/7
  2057 | D:3      | Reached skill level 5 in Stealth
  2120 | D:3      | Reached XP level 5. HP: 22/31 MP: 4/8
  2979 | D:3      | Reached XP level 6. HP: 22/36 MP: 0/9
  2984 | D:3      | Learned a level 3 spell: Tukima's Dance
  3508 | D:4      | Reached skill level 6 in Stealth
  3938 | D:4      | Got a fine ruby amulet
  3943 | D:4      | Identified the amulet of Foolhardiness {Harm *Drain MR+
                  | Dex+3} (You found it on level 4 of the Dungeon)
  4017 | D:4      | Reached skill level 1 in Fighting
  4036 | D:4      | Reached XP level 7. HP: 43/43 MP: 7/10
  4701 | D:5      | Entered Level 5 of the Dungeon
  5074 | D:5      | Reached skill level 5 in Hexes
  5089 | D:5      | Found a staircase to the Ecumenical Temple.
  5096 | Temple   | Entered the Ecumenical Temple
  5197 | D:5      | Found a shimmering altar of Xom.
  5297 | D:5      | Found a sacrificial altar of Ru.
  5468 | D:6      | Reached skill level 7 in Stealth
  6091 | D:6      | Reached XP level 8. HP: 27/51 MP: 0/11
  6482 | D:6      | Noticed Menkaure
  6493 | D:6      | Reached skill level 5 in Dodging
  6631 | D:6      | Killed Menkaure
  6631 | D:6      | Reached skill level 8 in Stealth
  7005 | D:6      | Reached skill level 9 in Stealth
  7379 | D:6      | Found a white marble altar of Elyvilon.
  7380 | D:6      | Found an opulent altar of Gozag.
  7408 | D:6      | Found a shimmering blue altar of Sif Muna.
  7411 | D:6      | Found a bloodstained altar of Trog.
  7464 | D:7      | Found a stormy altar of Qazlal.
  7511 | D:6      | HP: 2/54 [something (6)]
  7516 | D:6      | HP: 2/54 [something/puff of flame (8)]
  7522 | D:6      | Killed from afar by an orc wizard

Levels and vault maps discovered:
D:1:      dpeg_arrival_short_road, layout_basic, minmay_pentomino_p2
D:2:      layout_basic
D:3:      layout_rooms, first_ration
D:4:      layout_layer_cave
D:5:      layout_rooms, minmay_temple_entry_waves, basic_altar,
          brannock_xom_greatest_gift
D:6:      mumra_celtic_spiral_tile, layout_basic,
          nicolae_overflow_hidden_temple, uniq_menkaure
D:7:      minmay_spotlight, layout_rooms, nicolae_overflow_crystal_walls,
          gammafunk_temple_overflow_forgotten, grunt_livestock,
          minmay_diced_spiral
Temple:   nicolae_temple_hex_pool

Skill      XL: |  1  2  3  4  5  6  7  8 |
---------------+-------------------------+-----
Short Blades   | 2 3 |  3.1
Stealth        | 5 6 7 9 |  9.2
Dodging        | 3 4 6 |  6.1
Hexes          | 4 5 |  5.0
Fighting       | 1 2 4 |  4.6
Spellcasting   | |  2.0

Action                   |  1- 3 |  4- 6 |  7- 9 || total
-------------------------+-------+-------+-------++-------
Melee: Dagger            |    66 |   111 |   149 ||   326
       Constrict         |    16 |    26 |    26 ||    68
       Tentacles         |     6 |    19 |    26 ||    51
 Cast: Corona            |     4 |       |       ||     4
       Ensorcelled Hiber |     3 |    16 |    12 ||    31
       Confuse           |       |    10 |    31 ||    41
       Tukima's Dance    |       |     2 |     3 ||     5
  Use: Scroll            |     3 |     5 |       ||     8
       Potion            |       |     1 |     6 ||     7
 Stab: Sleeping          |    15 |    16 |    13 ||    44
       Confused          |       |     3 |    12 ||    15
  Eat: Chunk             |     3 |    10 |    11 ||    24
       Ration            |       |       |     1 ||     1
Armor: Skin              |     6 |     8 |     8 ||    22
Dodge: Dodged            |    33 |    86 |    82 ||   201
